 Dungeon Crawl Stone Soup version 0.30-a0-782-ge64f9170bb (webtiles) character file.

Game seed: 14939704471337370540

68 Dirian the Shield-Bearer (level 4, -1/41 HPs)
             Began as a Minotaur Fighter on Mar 7, 2023.
             Slain by a gnoll
             ... wielding a +0 halberd
              (11 damage)
             ... on level 2 of the Dungeon.
             The game lasted 00:01:53 (1097 turns).

Dirian the Shield-Bearer (Minotaur Fighter)         Turns: 1097, Time: 00:01:54

Health: -1/41      AC:  7    Str: 22    XL:     4   Next: 1%
Magic:  3/3        EV:  9    Int:  5    God:
Gold:   90         SH:  4    Dex: 10    Spells: 3/3 levels left

rFire   . . .      SeeInvis .    a - +0 war axe
rCold   + . .      Faith    .    c - +0 buckler
rNeg    . . .      Spirit   .    b - +0 scale mail
rPois   .          Reflect  .    (helmet restricted)
rElec   .          Harm     .    (no cloak)
rCorr   .          Rampage  .    (no gloves)
Will    .....                    (no boots) Stlth
                                 (no amulet)
HPRegen 0.26/turn                k - ring "Maimiycy" {Wiz rC+}
MPRegen 0.08/turn                (no ring)

@: no status effects
A: horns 2, retaliatory headbutt
a: no special abilities


You were on level 2 of the Dungeon.
You visited 1 branch of the dungeon, and saw 2 of its levels.

You collected 90 gold pieces.

Inventory:

Hand Weapons
 a - a +0 war axe (weapon)
Armour
 b - a +0 scale mail (worn)
 c - a +0 buckler (worn)
Jewellery
 k - the ring "Maimiycy" (left hand) {Wiz rC+}
   (You found it on level 2 of the Dungeon)

   [ring of wizardry]

   It improves your spell success rate.
   rC:        It protects you from cold.
Scrolls
 f - a scroll of identify {unknown}
 i - a scroll of acquirement {unknown}
Potions
 d - a potion of might
 e - a potion of resistance {unknown}
 g - a potion of attraction {unknown}
 h - a potion of invisibility {unknown}
 j - a potion of mutation {unknown}


   Skills:
 + Level 4.3 Fighting
 + Level 3.3 Axes
 + Level 4.3 Armour
 + Level 4.3 Shields


You had 3 spell levels left.
You didn't know any spells.
Your spell library was empty.

Dungeon Overview and Level Annotations

Branches:
Dungeon (2/15) Zot: 10864

Altars:

Shops:
D:2 *!(:


Innate Abilities, Weirdness & Mutations

You have a pair of horns on your head.
You reflexively headbutt those who attack you in melee.


Message History

A gnoll is nearby!
The gnoll shouts!
You hear a shout!
A gnoll comes into view. It is wielding a +0 halberd.
Found a stone staircase leading down.
The gnoll shouts!
A frilled lizard comes into view.
The frilled lizard hisses angrily.
The gnoll barely misses you. The gnoll hits you with a +0 halberd!
You slash the gnoll!
The gnoll is severely wounded.
You slash the gnoll!
A rat comes into view.
You block the gnoll's attack. x2; The gnoll hits you with a +0 halberd.
The gnoll hits you with a +0 halberd! The gnoll barely misses you.
The rat moves out of view.
You are too injured to fight recklessly!
You are too injured to fight recklessly!
You are too injured to fight recklessly!
You are too injured to fight recklessly!
You are too injured to fight recklessly!
You are too injured to fight recklessly!
You are too injured to fight recklessly!
You are too injured to fight recklessly!
You are too injured to fight recklessly!
You are too injured to fight recklessly!
You are too injured to fight recklessly!
You are too injured to fight recklessly!
You are too injured to fight recklessly!
You are too injured to fight recklessly!
You are too injured to fight recklessly!
The gnoll attacks as you move away!
The gnoll hits you with a +2 whip of electrocution!
The gnoll closely misses you. You block the gnoll's attack.
The gnoll attacks as you move away! You block the gnoll's attack.
There is a stone staircase leading up here.
The gnoll hits you with a +2 whip of electrocution.
* * * LOW HITPOINT WARNING * * *
The gnoll hits you from afar with a +0 halberd!
You die...

........#.....#..##............##
........†.....#................#
...............................#
........##.#.........##........#
...#######.#................####
.#.#####...#.....###.........
....#....##...........# .#
......#####....#..###.###. .#
.(..............@g........ ..##
......>.......##..g.########...#
....######.........g####.....#
....# ###...........l.......#
########..<...#######........###
#...........# #.r........#
#........#### ####.....#.#
#........# #.?....... #........#
#....#....


You could see 3 gnolls, a frilled lizard and a rat.

Vanquished Creatures
  2 adders (D:2)
  A worm (D:2)
  2 dart slugs (D:2)
  5 ball pythons
  6 endoplasms
  3 giant cockroaches
  5 goblins
  2 hobgoblins (D:1)
  2 quokkas (D:1)
  3 bats
  4 kobolds (D:1)
  4 rats
39 creatures vanquished.

Notes
Turn   | Place    | Note
-------+----------+-------------------------------------------
     0 | D:1      | Dirian the Minotaur Fighter began the quest for the Orb.
     0 | D:1      | Reached XP level 1. HP: 19/19 MP: 0/0
   105 | D:1      | Reached XP level 2. HP: 24/27 MP: 1/1
   634 | D:2      | Reached XP level 3. HP: 22/33 MP: 2/2
   691 | D:2      | Found Fozi Bav's Distillery.
   767 | D:2      | Identified the ring "Maimiycy" {Wiz rC+}
   906 | D:2      | Found Safri's Book Shop.
   926 | D:2      | Found Suacao's Antique Weapon Boutique.
  1020 | D:2      | Reached XP level 4. HP: 39/41 MP: 3/3
  1037 | D:2      | Found Tadas's Assorted Antiques.
  1097 | D:2      | Slain by a gnoll

Illustrated notes

Levels and vault maps discovered:
D:1:      dreamdust_arrival_beginning_and_end, layout_basic
D:2:      layout_rooms, serial_shops, shop, shop, shop, shop

Skill      XL: |  1  2  3 |
---------------+----------+-----
Shields        | 4 |  4.3
Fighting       | 4 |  4.3
Armour         | 4 |  4.3
Axes           | 3 |  3.3

Action                     |  1- 3 |  4- 6 || total
---------------------------+-------+-------++-------
  Melee: War axe           |    92 |     1 ||    93
         Headbutt          |     6 |       ||     6
 Armour: Scale mail        |    40 |       ||    40
  Dodge: Dodged            |    49 |     3 ||    52
  Block: Buckler           |    23 |     4 ||    27

Table legend: (Time is in decaauts)
 A = Elapsed time spent in this place.
 B = Non-inter-level travel time spent in this place.
 C = Inter-level travel time spent in this place.
 D = Time resting spent in this place.
 E = Time spent auto-exploring this place.
 F = Levels seen in this place.
 G = Mean time per level.
                   A        B        C        D        E       F      G
               +--------+--------+--------+--------+--------+-----+--------+
         Total |   1134 |   1106 |     28 |      0 |    850 |   2 |  567.0 |
       Dungeon |   1134 |   1106 |     28 |      0 |    850 |   2 |  567.0 |
               +--------+--------+--------+--------+--------+-----+--------+

Top non-repeatable levels by time:
     D:1: 644 daAuts
     D:2: 490 daAuts
